 Dungeon Crawl Stone Soup version 0.20.1-1-g8b1a95d (webtiles) character file.

207 Mitsuki the Chiller (level 5, -3/35 HPs)
             Began as a Barachi Ice Elementalist on Oct 8, 2017.
             Slain by an orc warrior
             ... wielding a +0 scimitar
              (19 damage)
             ... on level 3 of the Dungeon.
             The game lasted 00:12:34 (5442 turns).

Mitsuki the Chiller (Barachi Ice Elementalist)      Turns: 5442, Time: 00:12:35

Health: -3/35      AC:  3    Str:  9    XL:     5   Next: 85%
Magic:  2/10       EV: 12    Int: 17    God:
Gold:   173        SH:  0    Dex: 12    Spells: 8/11 levels left

rFire    . . .     SeeInvis .   n - +2 dagger (elec)
rCold    . . .     Gourm    .   (no shield)
rNeg     . . .     Faith    .   a - +0 robe
rPois    .         Spirit   .   (no helmet)
rElec    .         Reflect  .   (no cloak)
rCorr    .         Harm     .   s - +0 pair of gloves
MR       .....                  (no boots)
Stlth    ++........             p - amulet of magic regeneration
Regen    0.2/turn               (no ring)
MPRegen  0.2/turn               (no ring)

@: slow
A: +LOS, swims, slowness 1, strong legs 1
a: Hop


You were on level 3 of the Dungeon.
You were not hungry.

You visited 1 branch of the dungeon, and saw 3 of its levels.
You also visited: Sewer.

You collected 173 gold pieces.

Inventory:

Hand Weapons
 n - a +2 dagger of electrocution (weapon)
Armour
 a - a +0 robe (worn)
 d - a +0 buckler
 e - a +0 troll leather armour {Purgy}
 s - a +0 pair of gloves (worn)
Jewellery
 p - an amulet of magic regeneration (around neck)
Scrolls
 c - a scroll of blinking
 g - a scroll of recharging
 i - a scroll of fear {unknown}
 l - a scroll of identify
 o - a scroll of remove curse
 v - a scroll of magic mapping {unknown}
 w - 2 scrolls of teleportation {unknown}
Potions
 h - 2 potions of might {unknown}
 k - 2 potions of invisibility
 m - 2 potions of heal wounds {unknown}
 q - a potion of degeneration {unknown}
 r - 5 potions of flight {unknown}
 u - a potion of mutation {unknown}
Books
 b - a book of Frost

   Spells                             Type                      Level
   a - Freeze                         Ice                          1
   b - Throw Frost                    Conjuration/Ice              2
   c - Ozocubu's Armour               Charms/Ice                   3
   d - Throw Icicle                   Conjuration/Ice              4
   e - Summon Ice Beast               Ice/Summoning                4
Comestibles
 f - 2 fruits
 j - 4 royal jellies
 t - a chunk of flesh


   Skills:
 - Level 2.1 Dodging
 - Level 1.7 Stealth
 + Level 3.7 Spellcasting
 + Level 3.4 Conjurations
 + Level 5.4 Ice Magic


You had 8 spell levels left.
You knew the following spells:

 Your Spells              Type           Power        Failure   Level  Hunger
a - Freeze                Ice            ###.         1%          1    None
b - Throw Frost           Conj/Ice       ###...       4%          2    ##.....


Dungeon Overview and Level Annotations

Branches:
Dungeon (3/15)

Altars:
Xom
Zin
The Shining One


Innate Abilities, Weirdness & Mutations

Shadows flee at your approach. (+LOS)
You can swim through water.
You cover ground slowly.
You can hop short distances.


Message History

The orc warrior is severely wounded.
Casting: Freeze
Confirm with . or Enter, or press ? or * to list all spells.
Aiming: Freeze
Press: ? - help, Shift-Dir - straight line, f/p - orc warrior
Aim: an orc warrior, wielding a scimitar and wearing a chain mail (severely wounded)
You freeze the orc warrior.
The orc warrior is severely wounded.
The orc warrior closely misses you.
Casting: Freeze
Confirm with . or Enter, or press ? or * to list all spells.
Aiming: Freeze
Press: ? - help, Shift-Dir - straight line, f/p - orc warrior
Aim: an orc warrior, wielding a scimitar and wearing a chain mail (severely wounded)
You freeze the orc warrior.
The orc warrior is almost dead.
* * * LOW MAGIC WARNING * * *
The orc warrior hits you with a scimitar!!
Ouch! That really hurt!
You die...

##.........##.#
#####...........#.#
#......#####....#.# #......#
#....#.# #......# #....#.#
#####..# ###'#.#.# #######..#
#..<#...#
#####........####.#.#...####
..............)o@...>......#
..............###.#...####.#
.####'######...##.#...# #.#
.... #.#.##.#...# #.#
#.....#####.#.##.#...# #.#
#.....'.....#..#.#...####.###
#..o.(##...(.(._.#..........#
#.o......o.....###........#.#
#...... .####..###........#.#


You could see an orc warrior.

Vanquished Creatures
  Purgy (Sewer)
  A gnoll (D:1)
  3 adders (D:2)
  An ooze (D:1)
  4 worms
  A dart slug (D:1)
  A leopard gecko (D:2)
  4 orcs (D:3)
  4 ball pythons
  3 giant cockroaches
  5 goblins
  5 hobgoblins
  7 jackals
  3 kobolds (D:2)
  A quokka (D:2)
  5 bats
  6 frilled lizards
  2 rats
57 creatures vanquished.

Notes
Turn   | Place    | Note
-------+----------+-------------------------------------------
     0 | D:1      | Mitsuki the Barachi Ice Elementalist began the quest for the Orb.
     0 | D:1      | Reached XP level 1. HP: 13/13 MP: 3/3
   491 | D:1      | Reached XP level 2. HP: 19/19 MP: 3/5
   518 | D:1      | Learned a level 2 spell: Throw Frost
   588 | D:1      | Reached skill level 4 in Ice Magic
  1890 | D:1      | Reached XP level 3. HP: 24/24 MP: 5/7
  2194 | D:2      | Found a shimmering altar of Xom.
  2205 | D:2      | Noticed an angel
  2262 | D:2      | Found a glowing silver altar of Zin.
  2699 | D:2      | Reached XP level 4. HP: 19/30 MP: 3/8
  4047 | D:3      | Found a glowing drain.
  4058 | Sewer    | Entered a sewer
  4211 | Sewer    | Noticed Purgy
  4536 | Sewer    | HP: 1/30 [Purgy (2)]
  4843 | Sewer    | Killed Purgy
  4843 | Sewer    | Reached skill level 5 in Ice Magic
  4843 | Sewer    | Reached XP level 5. HP: 12/35 MP: 4/10
  5317 | D:3      | Found a glowing golden altar of the Shining One.
  5318 | D:3      | Noticed an orc warrior
  5442 | D:3      | Slain by an orc warrior

Skill      XL: |  1  2  3  4 |
---------------+-------------+-----
Ice Magic      | 4 5 |  5.4
Conjurations   | 2 3 |  3.4
Spellcasting   | 3 |  3.7
Dodging        | |  2.1
Stealth        | |  1.7

Action                   |  1- 3 |  4- 6 || total
-------------------------+-------+-------++-------
Melee: Dagger            |   106 |    77 ||   183
       Unarmed           |     1 |       ||     1
 Cast: Freeze            |    21 |    26 ||    47
       Throw Frost       |     8 |    19 ||    27
 Abil: Hop               |       |     1 ||     1
  Use: Scroll            |       |     4 ||     4
       Potion            |       |     4 ||     4
 Stab: Sleeping          |     4 |     1 ||     5
  Eat: Chunk             |     7 |     6 ||    13
       Bread ration      |       |     1 ||     1
Armor: Robe              |    29 |    21 ||    50
Dodge: Dodged            |    92 |    64 ||   156
